 Dungeon Crawl Stone Soup version 0.23-a0-516-g0f8c245 (webtiles) character file.

121 galech the Skirmisher (level 4, -1/35 HPs)
             Began as a Demonspawn Fighter on Dec 5, 2018.
             Slain by Natasha (6 damage)
             ... on level 4 of the Dungeon.
             The game lasted 00:01:40 (1466 turns).

galech the Skirmisher (Demonspawn Fighter)          Turns: 1466, Time: 00:01:41

Health: -1/35      AC:  7    Str: 17    XL:     4   Next: 77%
Magic:  4/4        EV:  7    Int:  9    God:
Gold:   71         SH:  9    Dex: 13    Spells: 3/3 levels left

rFire    + . .     SeeInvis .   a - +0 war axe
rCold    + . .     Gourm    .   c - +0 shield
rNeg     . . .     Faith    +   b - +0 scale mail
rPois    .         Spirit   .   (helmet restricted)
rElec    .         Reflect  .   (no cloak)
rCorr    .         Harm     .   (no gloves)
MR       .....                  j - +0 pair of boots
Stlth    ..........             g - amulet of faith
HPRegen  0.11/turn              i - ring of protection from cold
MPRegen  0.09/turn              (no ring)

@: no status effects
A: antennae 1, fire resistance 1, powered by pain 1
a: no special abilities


You were on level 4 of the Dungeon.
You were not hungry.

You visited 1 branch of the dungeon, and saw 3 of its levels.

You collected 71 gold pieces.

Inventory:

Hand Weapons
 a - a +0 war axe (weapon)
Armour
 b - a +0 scale mail (worn)
 c - a +0 shield (worn)
 j - a +0 pair of boots (worn)
Jewellery
 g - an amulet of faith (around neck)
 i - a ring of protection from cold (left hand)
Scrolls
 e - a scroll of amnesia {unknown}
 h - 2 scrolls of identify {unknown}
 l - a scroll of noise {unknown}
 m - a scroll of teleportation {unknown}
 n - a scroll of fog {unknown}
Potions
 d - a potion of might
 k - a potion of experience {unknown}
 o - 3 potions of heal wounds {unknown}
Comestibles
 f - 3 rations
 p - 3 chunks of flesh


   Skills:
 + Level 3.4 Fighting
 + Level 3.2 Axes
 + Level 3.1 Armour
 + Level 0.6 Dodging
 + Level 3.4 Shields


You had 3 spell levels left.
You didn't know any spells.
Your spell library was empty.

Dungeon Overview and Level Annotations

Branches:
Dungeon (2/15)

Altars:
Fedhas

Annotations:
D:4 Natasha


Innate Abilities, Weirdness & Mutations

You have a pair of small antennae on your head.
Your flesh is heat resistant. (rF+)
You sometimes gain a little power by taking damage.


Message History

Natasha is almost dead.
You hit the shadow imp but do no damage.
You hit the iron imp. Natasha claws you.
* * * LOW HITPOINT WARNING * * *
You block the shadow imp's attack. You block Natasha's attack.
The iron imp hits you.
* * * LOW HITPOINT WARNING * * *
You closely miss Natasha.
Natasha is almost dead.
You hit the shadow imp.
You kill the shadow imp!
You hit the iron imp. Natasha claws you.
* * * LOW HITPOINT WARNING * * *
The iron imp hits you but does no damage.
You closely miss Natasha.
Natasha is almost dead.
You hit the iron imp. You block Natasha's attack.
The iron imp shouts, "Scamper home, thou mewling idle-headed flax-wench!"
The iron imp barely misses you. Natasha claws you.
You die...

##>##.................
#.................
#.................
....................
....................
...#.................
..........###........
##..................
#........5@##......
...(.....##h.......
#....#.. 5..#.#..
.#..#$ ..#.#.#. . .#.
.#.# .. ..#. .#. .# #.
. .. #.


You could see an iron imp, Natasha and a shadow imp.

Vanquished Creatures
  A bullfrog skeleton (D:4)
  An iguana (D:4)
  3 adders (D:2)
  An adder skeleton (D:4)
  2 worms (D:2)
  A giant cockroach (D:2)
  2 goblins (D:1)
  3 hobgoblins
  2 jackals (D:2)
  6 bats
  3 frilled lizards
  3 kobolds
  7 rats
35 creatures vanquished.

Notes
Turn   | Place    | Note
-------+----------+-------------------------------------------
     0 | D:1      | galech the Demonspawn Fighter began the quest for the Orb.
     0 | D:1      | Reached XP level 1. HP: 18/18 MP: 1/1
   164 | D:1      | Gained mutation: You sometimes gain a little power by
                  | taking damage. [demonic ancestry]
   164 | D:1      | Reached XP level 2. HP: 22/24 MP: 2/2
   683 | D:2      | Gained mutation: Your flesh is heat resistant. (rF+)
                  | [demonic ancestry]
   683 | D:2      | Reached XP level 3. HP: 13/29 MP: 3/3
  1365 | D:2      | You fall through a shaft for 2 floors!
  1365 | D:4      | Found a blossoming altar of Fedhas.
  1386 | D:4      | Gained mutation: You have a pair of small antennae on your
                  | head. [demonic ancestry]
  1386 | D:4      | Reached XP level 4. HP: 35/35 MP: 4/4
  1453 | D:4      | Noticed Natasha
  1466 | D:4      | Slain by Natasha

Vault maps used:
D:1:      lightli_arrival_isolated_outpost, wad_floor_pattern_untrapped
D:2:      old_standard_altar, kennysheep_jessica_study, uniq_terence
D:4:      minmay_temple_entry_grid, first_ration, fedhas_altar_fruit_tree,
          uniq_natasha

Skill      XL: |  1  2  3 |
---------------+----------+-----
Axes           | 2 3 |  3.2
Shields        | 3 |  3.4
Armour         | 3 |  3.1
Fighting       | |  3.4
Dodging        | |  0.6

Action                   |  1- 3 |  4- 6 || total
-------------------------+-------+-------++-------
Melee: War axe           |   108 |    22 ||   130
  Eat: Chunk             |     2 |       ||     2
Armor: Scale mail        |    56 |    10 ||    66
Dodge: Dodged            |    34 |     7 ||    41
Block: Shield            |    62 |    11 ||    73

Table legend:
 A = Non-vault XP
 B = Vault XP
 C = Vault XP percentage of total XP
 D = Non-vault monster count
 E = Vault monster count
 F = Vault count percentage of total count
                 A         B        C        D         E       F
            +---------+---------+-------+---------+---------+-------
      Total |     174 |       0 |   0.0 |      35 |       0 |   0.0
            +---------+---------+-------+---------+---------+-------
        D:1 |      23 |       0 |   0.0 |      16 |       0 |   0.0
        D:2 |      66 |       0 |   0.0 |      16 |       0 |   0.0
        D:4 |      85 |       0 |   0.0 |       3 |       0 |   0.0
            +---------+---------+-------+---------+---------+-------
